 Dungeon Crawl Stone Soup version 0.22-a0-567-gff9aefc (webtiles) character file.

288 vierth the Covered (level 6, -4/56 HPs)
             Began as a Minotaur Fighter on June 29, 2018.
             Slain by Duvessa
             ... wielding a +0 short sword
              (9 damage)
             ... on level 3 of the Dungeon.
             The game lasted 00:04:13 (2208 turns).

vierth the Covered (Minotaur Fighter)               Turns: 2208, Time: 00:04:14

Health: -4/56      AC:  7    Str: 22    XL:     6   Next: 9%
Magic:  5/5        EV:  8    Int:  5    God:
Gold:   165        SH: 12    Dex: 10    Spells: 5/5 levels left

rFire    + . .     SeeInvis .   a - +0 war axe
rCold    x . .     Gourm    .   p - +2 shield
rNeg     . . .     Faith    .   j - +0 ring mail {MR+}
rPois    .         Spirit   .   (helmet restricted)
rElec    .         Reflect  .   (no cloak)
rCorr    .         Harm     .   (no gloves)
MR       +....     Rnd*Tele +   r - +0 pair of boots
Stlth    ..........             (no amulet)
HPRegen  0.18/turn              k - ring of teleportation (curse)
MPRegen  0.09/turn              o - ring of fire

@: no status effects
A: retaliatory headbutt, horns 2
a: no special abilities


You were on level 3 of the Dungeon.
You were not hungry.

You visited 1 branch of the dungeon, and saw 4 of its levels.

You collected 165 gold pieces.

Inventory:

Hand Weapons
 a - a +0 war axe (weapon)
Armour
 b - a +0 scale mail
 j - a +0 ring mail of magic resistance (worn)
 p - a +2 shield (worn)
 r - a +0 pair of boots (worn)
Jewellery
 k - a cursed ring of teleportation (left hand)
 o - a ring of fire (right hand)
Scrolls
 c - a scroll of remove curse
 h - 2 scrolls of immolation
 n - 3 scrolls of identify {unknown}
 q - 2 scrolls of teleportation {unknown}
Potions
 d - 2 potions of might
 e - 2 potions of resistance {unknown}
 g - a potion of curing {unknown}
 i - 3 potions of flight {unknown}
 l - a potion of haste {unknown}
 m - a potion of agility {unknown}
Comestibles
 f - 6 rations


   Skills:
 + Level 5.1 Fighting
 + Level 4.2 Axes
 + Level 5.4 Armour
 + Level 5.1 Shields


You had 5 spell levels left.
You didn't know any spells.
Your spell library contained the following spells:

 Spells                   Type           Power        Failure   Level  Hunger
 Magic Dart               Conj           #...         96%         1    ##.....
 Conjure Flame            Conj/Fire      #.......     100%        3    ####...
 Slow                     Hex            #.......     99%         2    ###....
 Mephitic Cloud           Conj/Pois/Air  #.......     100%        3    ####...
 Blink                    Tloc           N/A          99%         2    ###....
 Call Imp                 Summ           #.......     99%         2    ###....


Dungeon Overview and Level Annotations

Branches:
Dungeon (4/15)
 Temple: D:4-7

Altars:
Fedhas

Annotations:
D:3 Duvessa


Innate Abilities, Weirdness & Mutations

You reflexively headbutt those who attack you in melee.
You have a pair of horns on your head.


Message History

Duvessa goes berserk!
You have reached level 6!
Your experience leads to an increase in your attributes!
Increase (S)trength, (I)ntelligence, or (D)exterity?
You feel stronger. Duvessa closely misses you. You furiously retaliate!
You headbutt Duvessa, but do no damage. Duvessa hits you but does no damage.
You barely miss Duvessa.
Duvessa is heavily wounded.
Duvessa hits you with a short sword.
* * * LOW HITPOINT WARNING * * *
You block Duvessa's attack. Duvessa hits you but does no damage.
You completely miss Duvessa.
Duvessa is heavily wounded.
You block Duvessa's attack. Duvessa misses you. You furiously retaliate!
You headbutt Duvessa! You slash Duvessa!
Duvessa is almost dead.
You block Duvessa's attack. Duvessa hits you with a short sword!
You die...

#...# #.....# #. #.#.##
##...## ##. #.#..#
##...# #.. #.##.# #...#
#.# #.##.### #...###
###.# #.##...# ##.#...#
#...#
#.####.####..##..#
#.###
#[####.#)...###..####.#
#[.....)@####
##......## #..###..e#
#.......## #### ###.#
####..#... #.#
######...... #.###
#........###
#...###.###...#...
#####.....##..#.#.#.
##......####..##.....
#..###..###.......<..


You could see Duvessa (berserk).

Vanquished Creatures
  An ogre (D:3)
  Dowan (D:3)
  An orc priest (D:3)
  An orc wizard (D:3)
  3 adders
  3 worms
  2 dart slugs (D:3)
  A leopard gecko (D:2)
  2 orcs (D:3)
  4 giant cockroaches
  3 goblins
  5 hobgoblins
  3 jackals (D:2)
  7 bats
  2 frilled lizards
  5 kobolds
  11 rats
55 creatures vanquished.

Notes
Turn   | Place    | Note
-------+----------+-------------------------------------------
     0 | D:1      | vierth the Minotaur Fighter began the quest for the Orb.
     0 | D:1      | Reached XP level 1. HP: 19/19 MP: 0/0
   127 | D:1      | Reached XP level 2. HP: 27/27 MP: 1/1
   647 | D:2      | Found a blossoming altar of Fedhas.
   651 | D:2      | Reached XP level 3. HP: 33/33 MP: 2/2
  1625 | D:3      | Reached XP level 4. HP: 40/40 MP: 3/3
  1824 | D:3      | Reached XP level 5. HP: 20/47 MP: 4/4
  2040 | D:3      | Reached skill level 5 in Armour
  2192 | D:4      | Noticed Duvessa
  2192 | D:4      | Noticed Dowan
  2192 | D:4      | Noticed an ogre
  2204 | D:3      | Killed an ogre
  2204 | D:3      | Reached skill level 5 in Fighting
  2204 | D:3      | Reached skill level 5 in Shields
  2205 | D:3      | Killed Dowan
  2205 | D:3      | Reached XP level 6. HP: 5/56 MP: 5/5
  2208 | D:3      | Slain by Duvessa

Vault maps used:
D:1:      dpeg_arrival_houses_and_road, minmay_tromino_i2
D:2:      lemuel_doored_altar, grunt_ministairs_8
D:4:      uniq_natasha, uniq_duvessa

Skill      XL: |  1  2  3  4  5 |
---------------+----------------+-----
Armour         | 4 5 |  5.4
Shields        | 4 5 |  5.1
Fighting       | 4 5 |  5.1
Axes           | 3 4 |  4.2

Action                   |  1- 3 |  4- 6 || total
-------------------------+-------+-------++-------
Melee: War axe           |   117 |    42 ||   159
       Headbutt          |    15 |     6 ||    21
  Use: Scroll            |     3 |       ||     3
  Eat: Ration            |     1 |     1 ||     2
Armor: Scale mail        |    50 |       ||    50
       Ring mail         |     6 |    21 ||    27
Dodge: Dodged            |    37 |    11 ||    48
Block: Shield            |    76 |    33 ||   109

Table legend:
 A = Spawn XP
 B = Non-spawn XP
 C = Spawn XP percentage of total XP
 D = Spawn monster count
 E = Non-spawn monster count
 F = Spawn count percentage of total count
 G = Total turns spent on level
                    A         B        C        D         E        F      G
               +---------+---------+-------+---------+---------+-------+---------
         Total |       0 |     412 |   0.0 |       0 |      55 |   0.0 |  2208
               +---------+---------+-------+---------+---------+-------+---------
           D:1 |       0 |      22 |   0.0 |       0 |      15 |   0.0 |   535
           D:2 |       0 |      70 |   0.0 |       0 |      24 |   0.0 |  1073
           D:3 |       0 |     320 |   0.0 |       0 |      16 |   0.0 |   592
               +---------+---------+-------+---------+---------+-------+---------
